 Dungeon Crawl Stone Soup version 0.17-a0-1787-g4aeb8be (webtiles) character file.

12570 Izanagi the Cleaver (level 11, -1/102 HPs)
             Began as a Minotaur Fighter on Sept 9, 2015.
             Was an Elder of Trog.
             Slain by a nine-headed hydra (8 damage)
             ... on level 9 of the Dungeon.
             The game lasted 00:49:46 (12480 turns).

Izanagi the Cleaver (Minotaur Fighter)             Turns: 12480, Time: 00:49:46

Health: -1/102     AC: 14    Str: 23    XL:     11   Next: 64%
Magic:  19/19      EV: 10    Int:  9    God:    Trog [****..]
Gold:   539        SH:  0    Dex: 11    Spells: 0 memorised, 10 levels left

rFire  + . .     SeeInvis .     v - +5 war axe of the Omega Point {chop, MP+9}
rCold  . . .     Clarity  .     b - +3 scale mail
rNeg   . . .     SustAt   .     (no shield)
rPois  .         Gourm    .     (helmet restricted)
rElec  .         Spirit   .     (no cloak)
rCorr  .         Warding  .     g - +0 pair of gloves
rMut   .         Stasis   .     f - +0 pair of boots
MR     .....                    H - amulet of rage
Stlth  ..........               j - +4 ring of intelligence
                                p - ring of protection from fire

@: exhausted, slowed, very slow, not resistant to hostile enchantments,
extremely unstealthy
A: retaliatory headbutt, horns 2
a: Burn Spellbooks, Berserk, Trog's Hand, Brothers in Arms, Renounce Religion,
Evoke Berserk Rage


You were on level 9 of the Dungeon.
You worshipped Trog.
Trog was greatly pleased with you.
You were not hungry.

You visited 2 branches of the dungeon, and saw 13 of its levels.
You also visited: Ossuary.

You collected 654 gold pieces.
You spent 115 gold pieces at shops.

Inventory:

Hand weapons
 a - a +0 trident
 v - the +5 war axe of the Omega Point (weapon) {chop, MP+9}
   (You found it on level 4 of the Dungeon)

   It inflicts extra damage upon your enemies.
   It affects your magic capacity (+9).
Armour
 b - a +3 scale mail (worn)
 c - a +0 shield
 f - a +0 pair of boots (worn)
 g - a +0 pair of gloves (worn)
 w - a +1 plate armour
Jewellery
 j - a +4 ring of intelligence (right hand)
 p - a ring of protection from fire (left hand)
 H - an amulet of rage (around neck)
Magical devices
 k - a wand of draining (5)
 l - a wand of magic darts (16)
 q - a wand of draining (10)
 x - a wand of lightning (3)
 D - a wand of disintegration (3)
 E - a wand of slowing (23)
Scrolls
 i - 2 scrolls of teleportation
 u - 4 scrolls of remove curse
 y - 3 scrolls of blinking
 z - 2 scrolls of recharging
 C - a scroll of random uselessness {unknown}
 G - a scroll of silence {unknown}
Potions
 d - 3 potions of might
 m - a potion of degeneration {unknown}
 n - 4 potions of haste
 o - a potion of flight {unknown}
 r - 2 potions of cancellation
 s - 5 potions of invisibility
 t - a potion of mutation
 A - a potion of brilliance {unknown}
 B - 3 potions of curing
 F - a potion of heal wounds {unknown}
Comestibles
 e - 10 bread rations


   Skills:
 * Level 11.5 Fighting
 - Level 14.5(15.1) Axes
 - Level 7.8(12.2) Polearms
 - Level 10.2 Armour
 - Level 3.6 Shields


You had 10 spell levels left.
You didn't know any spells.

Dungeon Overview and Level Annotations

Branches:
Dungeon (12/15)            Temple (0/1) D:4            Lair (1/8) D:9
    Orc (0/4) D:9

Altars:
Trog
Xom

Shops:
D:4 ?   D:9 }


Innate Abilities, Weirdness & Mutations

You reflexively headbutt those who attack you in melee.
You have a pair of horns on your head.


Message History

The nine-headed hydra bites you.
* * * LOW HITPOINT WARNING * * *
The nine-headed hydra bites you.
* * * LOW HITPOINT WARNING * * *
The nine-headed hydra bites you.
* * * LOW HITPOINT WARNING * * *
The nine-headed hydra bites you but does no damage.
The nine-headed hydra bites you.
* * * LOW HITPOINT WARNING * * *
The nine-headed hydra barely misses you.
The nine-headed hydra bites you but does no damage. x2
The nine-headed hydra bites you.
* * * LOW HITPOINT WARNING * * *
The nine-headed hydra bites you.
* * * LOW HITPOINT WARNING * * *
The nine-headed hydra barely misses you.
The nine-headed hydra bites you but does no damage.
The nine-headed hydra completely misses you.
The nine-headed hydra bites you!
You die...

.........##..≈##....##...?#....##
..........##.##....######.###...[
...................# #.....#.#
...........#####...########...#..
............# #.#)....####....##
..<.......#.# #.#...#.........##
..........#.####.###.######....##
########.......................##
####.....@...#######...##
#.)....D.#.......#..###
#..#.##....#...#.......
#.........##...##.(....
#.......#.....((..#....
#.......#....>....#....
#.......#......P..#....
#.........##PP.##...###
#..........#...#....#


You could see a nine-headed hydra.

Vanquished Creatures
  The ghost of Garrluk the Fencer, a powerful FoFi of the Shining One (D:11)
  2 hill giants
  A centaur zombie (D:10)
  2 gargoyles
  3 spiny frogs (Lair:1)
  A komodo dragon (Lair:1)
  2 two-headed ogres
  A troll (D:11)
  A spriggan (D:8)
  8 yaks
  3 hippogriffs
  3 hungry ghosts
  A water moccasin (D:9)
  A porcupine (Lair:1)
  Duvessa (D:7)
  4 wargs (D:9)
  3 ice beasts
  A sky beast (D:10)
  3 black bears
  5 orc warriors
  3 centaurs
  2 necrophages
  A crocodile (Lair:1)
  2 eyes of draining (D:10)
  6 ogres
  A gnoll sergeant (D:6)
  2 big kobolds
  4 water moccasin zombies (Ossuary)
  Dowan (D:7)
  A wyvern skeleton (D:10)
  7 giant frogs
  2 scorpions
  6 killer bees (D:7)
  3 crimson imps
  2 giant frog zombies
  5 iguanas
  2 quasits
  5 orc priests
  3 hounds
  2 centaur skeletons
  6 giant frog skeletons
  A jelly (D:6)
  11 orc wizards
  5 worker ants
  A killer bee zombie (D:8)
  A big kobold zombie (Ossuary)
  A hound zombie (D:8)
  2 mummies (Ossuary)
  9 gnolls (D:6)
  10 river rats (Lair:1)
  13 adders
  A shadow imp (D:9)
  A worker ant zombie (D:11)
  An ooze (D:3)
  6 adder zombies (Ossuary)
  3 worms
  An adder skeleton (D:6)
  8 giant geckos
  42 orcs
  12 bats
  4 giant cockroaches
  7 goblins
  13 hobgoblins
  15 jackals
  20 kobolds
  4 quokkas
  A ball python (D:2)
  A ball python skeleton (D:4)
  7 giant newts
  7 hobgoblin zombies (Ossuary)
  2 jackal skeletons
  6 kobold zombies (Ossuary)
  5 orc zombies (Ossuary)
  2 quokka skeletons (D:4)
  2 quokka zombies (D:4)
  8 rats
  8 fungi (D:9)
354 creatures vanquished.

Vanquished Creatures (others)
  A fungus (Lair:1)
  3 plants (Lair:1)
4 creatures vanquished.

Grand Total: 358 creatures vanquished

Notes
Turn   | Place    | Note
--------------------------------------------------------------
     0 | D:1      | Izanagi the Minotaur Fighter began the quest for the Orb.
     0 | D:1      | Reached XP level 1. HP: 19/19 MP: 0/0
   107 | D:1      | Reached XP level 2. HP: 26/26 MP: 1/1
   247 | D:1      | Reached skill level 4 in Polearms
   644 | D:1      | Reached XP level 3. HP: 31/31 MP: 2/2
  1061 | D:2      | Reached skill level 5 in Polearms
  1135 | D:2      | Reached XP level 4. HP: 23/39 MP: 3/3
  1505 | D:3      | Reached skill level 6 in Polearms
  1545 | D:3      | Reached XP level 5. HP: 32/45 MP: 4/4
  1854 | D:3      | Found a bloodstained altar of Trog.
  1877 | D:3      | Became a worshipper of Trog the Wrathful
  2055 | D:4      | Reached skill level 7 in Polearms
  2115 | D:4      | Found a staircase to the Ecumenical Temple.
  2270 | D:4      | Got a steaming war axe
  2300 | D:4      | Reached XP level 6. HP: 51/51 MP: 5/5
  2304 | D:4      | Found Qairiliq's Magic Scroll Emporium.
  2315 | D:4      | Bought a scroll of remove curse for 33 gold pieces
  2315 | D:4      | Bought a scroll of enchant armour for 82 gold pieces
  2389 | D:4      | Found a sand-covered staircase.
  2394 | D:4      | Identified the +5 war axe of the Omega Point {chop, MP+9} (You found it on level 4 of the Dungeon)
  2399 | Ossuary  | Entered an ossuary
  2481 | Ossuary  | Reached XP level 7. HP: 38/57 MP: 6/6
  2520 | Ossuary  | Reached skill level 5 in Axes
  3115 | D:5      | Entered Level 5 of the Dungeon
  3210 | D:5      | You fall through a shaft for 3 floors!
  3322 | D:8      | Acquired Trog's first power
  3551 | D:7      | Reached skill level 8 in Axes
  3551 | D:7      | Reached XP level 8. HP: 59/64 MP: 7/7
  3832 | D:6      | Reached skill level 9 in Axes
  4293 | D:5      | Reached skill level 10 in Axes
  5308 | D:6      | Reached skill level 11 in Axes
  5315 | D:6      | Acquired Trog's second power
  5724 | D:7      | Noticed Duvessa
  5724 | D:7      | Noticed Dowan
  5731 | D:7      | Killed Duvessa
  5731 | D:7      | Reached XP level 9. HP: 63/70 MP: 8/8
  5733 | D:7      | Killed Dowan
  6051 | D:7      | Reached skill level 12 in Axes
  6253 | D:7      | Reached skill level 13 in Axes
  7559 | D:8      | Reached skill level 14 in Axes
  7572 | D:8      | Noticed a two-headed ogre
  7575 | D:8      | Killed a two-headed ogre
  7887 | D:8      | Reached XP level 10. HP: 77/77 MP: 9/9
  7957 | D:8      | Noticed a spriggan baker
  7961 | D:8      | Killed a spriggan baker
  8014 | D:9      | Found Didino's Gadget Emporium.
  8057 | D:9      | Reached skill level 5 in Armour
  8108 | D:9      | Found a staircase to the Orcish Mines.
  8398 | D:9      | Found a shimmering altar of Xom.
  8399 | D:9      | Found a shimmering altar of Xom.
  8399 | D:9      | Found a shimmering altar of Xom.
  8455 | D:9      | Found a staircase to the Lair.
  8464 | D:9      | HP: 2/77 [troll (7)]
  8956 | Lair:1   | Entered Level 1 of the Lair of Beasts
  9025 | Lair:1   | Reached skill level 10 in Armour
  9209 | Lair:1   | Acquired Trog's third power
  9223 | Lair:1   | Reached skill level 5 in Fighting
  9942 | Lair:1   | Reached XP level 11. HP: 83/91 MP: 10/10
  9958 | Lair:1   | Noticed a six-headed hydra
 10478 | D:10     | Entered Level 10 of the Dungeon
 10571 | D:10     | Noticed a hill giant
 10576 | D:10     | Killed a hill giant
 11162 | D:11     | Noticed Garrluk's ghost (powerful FoFi)
 11216 | D:11     | Reached skill level 10 in Fighting
 11548 | D:11     | Killed Garrluk's ghost
 12104 | D:12     | Noticed a hill giant
 12111 | D:12     | Killed a hill giant
 12480 | D:9      | Slain by a nine-headed hydra

Vault maps used:
D:1:      sevenhm_arrival_forest_fort_small_6
D:3:      first_bread, trog_butcher_becter
D:4:      temple_green, enter_ossuary_4, serial_shops, shop
D:7:      uniq_duvessa
D:8:      the_bakery, minivault_1
D:9:      xom_redecorated, dpeg_oklobed_lair, minmay_orc_entry_guard_dogs,
          serial_shops, nicolae_shop_crystal, feat_on_display
D:11:     lab_entry_generic
D:12:     uniq_josephine
Lair:1:   roderic_batcave, serial_bayou_shore_b, grunt_megastairs_3
Ossuary:  ossuary_tomb_2

Action                   |  1- 3 |  4- 6 |  7- 9 | 10-12 || total
-------------------------+-------+-------+-------+-------++-------
Melee: Trident           |     6 |       |       |       ||     6
       Spear             |   126 |   176 |       |       ||   302
       War axe           |       |    48 |   256 |   311 ||   615
Invok: Burn Spellbooks   |       |       |     1 |     3 ||     4
       Berserk           |       |       |     2 |     3 ||     5
       Trog's Hand       |       |       |       |     1 ||     1
Evoke: Wand              |       |       |     1 |       ||     1
  Use: Scroll            |     5 |     6 |     6 |     2 ||    19
       Potion            |       |       |     2 |       ||     2
  Eat: Meat ration       |     1 |       |     4 |     2 ||     7
       Fruit             |       |       |     6 |       ||     6
       Bread ration      |       |       |       |     2 ||     2
       Beef jerky        |       |       |       |     1 ||     1
       Pizza             |       |       |       |     3 ||     3
